 Seeded DCSS version 0.31-a0-210-gccc998df9b (webtiles) character file.

Game seed: 8113056780134302019 (custom seed)

412 innerfire43 the Trooper (level 6, -3/48 HPs)
             Began as a Demonspawn Monk on June 30, 2023.
             Slain by an ogre
             ... wielding a +0 giant spiked club
              (10 damage)
             ... on level 5 of the Dungeon.
             The game lasted 00:05:04 (3514 turns).

innerfire43 the Trooper (Demonspawn Monk)           Turns: 3514, Time: 00:05:04

Health: -3/48      AC: 23    Str: 14    XL:     6   Next: 59%
Magic:  24/24      EV:  1    Int: 13    God:
Gold:   169        SH: 13    Dex: 23    Spells: 5/5 levels left

rFire   + . .        a - +0 mace
rCold   . . .        l - +0 tower shield
rNeg    . . .        f - +7 plate armour of the Wheelwright {+Blink rF+ Will- MP+9 Dex+3}
rPois   .            m - +0 helmet
rElec   .            u - +0 cloak
rCorr   +            (no gloves)
SInv    .            y - +0 pair of boots
Will    .....        (no amulet) Stlth
                     i - ring of protection from fire
HPRegen 0.28/turn    n - ring of Brilliance {rF- rCorr MP+9 Int+2 Dex+5}
MPRegen 0.19/turn

%: no passive effects
@: no status effects
A: thin metallic scales 1, demonic touch 2
a: Evoke Blink


You were on level 5 of the Dungeon.
You visited 1 branch of the dungeon, and saw 5 of its levels.

You collected 169 gold pieces.

Inventory:

Hand Weapons
 a - a +0 mace (weapon)
Armour
 b - a +0 robe
 d - an orb of light
 f - the +7 plate armour of the Wheelwright (worn) {+Blink rF+ Will- MP+9 Dex+3}
   (You acquired it on level 1 of the Dungeon)

   Dex:       It affects your dexterity (+3).
   rF:        It protects you from fire.
   MP:        It affects your magic capacity (+9).
   +Blink:    It lets you blink.
   Will:      It decreases your willpower.
 l - a +0 tower shield (worn)
 m - a +0 helmet (worn)
 u - a +0 cloak (worn)
 y - a +0 pair of boots (worn)
Jewellery
 e - a ring of see invisible
 i - a ring of protection from fire (left hand)
 n - the ring of Brilliance (right hand) {rF- rCorr MP+9 Int+2 Dex+5}
   (You acquired it on level 2 of the Dungeon)

   [ring of magical power]

   Int:       It affects your intelligence (+2).
   Dex:       It affects your dexterity (+5).
   rF:        It makes you vulnerable to fire.
   MP:        It affects your magic capacity (+9).
   rCorr:     It protects you from acid and corrosion.
 q - a ring of ice
Scrolls
 g - 2 scrolls of vulnerability {unknown}
 h - a scroll of amnesia {unknown}
 j - 3 scrolls of fog {unknown}
 k - 3 scrolls of teleportation {unknown}
 o - a scroll of blinking {unknown}
 s - a scroll of torment {unknown}
 v - a scroll of enchant weapon {unknown}
 x - a scroll of identify {unknown}
Potions
 c - a potion of ambrosia
 p - a potion of degeneration {unknown}
 r - 2 potions of heal wounds
 t - a potion of attraction {unknown}
 w - a potion of enlightenment {unknown}
 z - 2 potions of resistance {unknown}
 A - a potion of haste {unknown}


   Skills:
 + Level 4.2 Fighting
 + Level 3.9 Maces & Flails
 * Level 3.4 Armour
 - Level 3.8 Dodging
 * Level 0.9 Shields


You had 5 spell levels left.
You didn't know any spells.
Your spell library contained the following spells:

 Spells                   Type           Power      Damage    Failure   Level
 Ensorcelled Hibernation  Hex/Ice        0%         N/A       100%        2
 Spider Form              Tmut/Pois      0%         N/A       100%        3
 Anguish                  Hex/Necr       0%         N/A       100%        4


Dungeon Overview and Level Annotations

Branches:
Dungeon (5/15)
 Temple: D:4-7

Altars:
Kikubaaqudgha

Shops:
D:1 ?


Innate Abilities, Weirdness & Mutations

You are partially covered in thin metallic scales. (AC +2)
Your touch may inflict irresistible damage on your foes.


Message History

You block the ogre's attack.
The black bear bites you but does no damage.
The black bear barely misses you.
The black bear claws you but does no damage.
You hit the ogre but do no damage.
The ogre is heavily wounded.
You block the black bear's attack.
The black bear claws you but does no damage.
The black bear claws you. You block the ogre's attack.
The black bear bites you but does no damage.
The black bear claws you but does no damage. x2
You hit the ogre.
The ogre is heavily wounded.
The ogre hits you with a +0 giant spiked club!
You block the black bear's attack.
The black bear claws you but does no damage. x2
The black bear bites you but does no damage.
You block the black bear's attack.
The black bear claws you but does no damage.
You block the ogre's attack.
You hit the ogre.
The ogre is heavily wounded.
The black bear bites you but does no damage.
The black bear completely misses you. You block the black bear's attack.
The ogre hits you with a +0 giant spiked club!
Unknown command.
You hit the ogre but do no damage.
The ogre is heavily wounded.
The black bear bites you but does no damage.
You block the black bear's attack. x2
The ogre hits you with a +0 giant spiked club!
* * * LOW HITPOINT WARNING * * *
You block the black bear's attack.
The black bear claws you but does no damage. x2
You hit the ogre.
The ogre is severely wounded.
You block the black bear's attack. x2; The black bear claws you.
* * * LOW HITPOINT WARNING * * *
The ogre hits you with a +0 giant spiked club!
You die...

. .. ...#
... ...##
#.#. ....
#... ... #
#.#.#..#.# .
#....... ...
#.....##..#.
#.<.......
#.@h...#..
#O#....# #.
....... #.
....### ##
#.....
.##### .# ##


You could see a black bear and an ogre.

Vanquished Creatures
  Grinder (D:3)
  A howler monkey (D:4)
  An iguana (D:4)
  A gnoll (D:1)
  6 adders
  2 worms (D:2)
  4 dart slugs
  3 orcs (D:3)
  10 bats
  6 endoplasms
  5 giant cockroaches
  7 goblins
  A hobgoblin (D:3)
  6 kobolds
  A quokka (D:1)
  9 ball pythons
  A frilled lizard (D:3)
  3 rats
68 creatures vanquished.

Notes
Turn   | Place    | Note
-------+----------+-------------------------------------------
     0 | D:1      | innerfire43 the Demonspawn Monk began the quest for the
                  | Orb.
     0 | D:1      | Reached XP level 1. HP: 18/18 MP: 1/1
   132 | D:1      | Gained mutation: Your touch may inflict minor irresistible
                  | damage on your foes. [demonic ancestry]
   132 | D:1      | Reached XP level 2. HP: 18/24 MP: 2/2
   178 | D:1      | Identified a scroll of acquirement
   178 | D:1      | Acquired the +7 plate armour of the Wheelwright {+Blink rF+
                  | Will- MP+9 Dex+3}
   297 | D:1      | You fall into a shaft and drop 1 floor!
   375 | D:2      | Reached XP level 3. HP: 29/29 MP: 3/3
   397 | D:2      | Reached skill level 1 in Armour
   679 | D:1      | Gained mutation: You are partially covered in thin metallic
                  | scales. (AC +2) [demonic ancestry]
   679 | D:1      | Reached XP level 4. HP: 35/35 MP: 4/4
   766 | D:1      | Found Ponycs's Magic Scroll Shop.
  1655 | D:3      | Noticed Grinder
  1662 | D:3      | Paralysed by Grinder for 2 turns
  1672 | D:3      | Paralysed by Grinder for 2 turns
  1681 | D:3      | Paralysed by Grinder for 4 turns
  1703 | D:3      | Killed Grinder
  1704 | D:3      | Reached skill level 4 in Fighting
  1704 | D:3      | Gained mutation: Your touch may inflict irresistible damage
                  | on your foes. [demonic ancestry]
  1704 | D:3      | Reached XP level 5. HP: 6/42 MP: 5/5
  1704 | D:3      | Reached XP level 6. HP: 6/48 MP: 6/6
  2208 | D:3      | Acquired the ring of Brilliance {rF- rCorr MP+9 Int+2
                  | Dex+5}
  2723 | D:4      | Found an ancient bone altar of Kikubaaqudgha.
  3500 | D:5      | Entered Level 5 of the Dungeon
  3514 | D:5      | Slain by an ogre

Illustrated notes

Levels and vault maps discovered:
D:1:      roderic_crossed_star, layout_rooms, serial_shops, nicolae_diamond_shop
D:2:      layout_loops_cross
D:3:      layout_basic, uniq_grinder
D:4:      layout_basic, zin_academy, kennysheep_mini
D:5:      layout_basic, kennysheep_mini_moat, grunt_decor_one_mirror,
          kennysheep_generic_room_9

Skill      XL: |  1  2  3  4 |
---------------+-------------+-----
Maces & Flails | 3 |  3.9
Dodging        | 3 |  3.8
Armour         | 1 3 |  3.4
Fighting       | 4 |  4.2
Shields        | |  0.9

Action                     |  1- 3 |  4- 6 || total
---------------------------+-------+-------++-------
  Melee: Mace              |    80 |   195 ||   275
    Use: Scroll            |     1 |     1 ||     2
         Potion            |       |     1 ||     1
 Armour: Robe              |     4 |       ||     4
         Plate armour      |    68 |   210 ||   278
  Dodge: Dodged            |    26 |     7 ||    33
  Block: Tower shield      |    13 |   189 ||   202

Table legend: (Time is in decaauts)
 A = Elapsed time spent in this place.
 B = Non-inter-level travel time spent in this place.
 C = Inter-level travel time spent in this place.
 D = Time resting spent in this place.
 E = Time spent auto-exploring this place.
 F = Levels seen in this place.
 G = Mean time per level.
                   A        B        C        D        E       F      G
               +--------+--------+--------+--------+--------+-----+--------+
         Total |   3672 |   3237 |    435 |      0 |   2459 |   5 |  734.4 |
       Dungeon |   3672 |   3237 |    435 |      0 |   2459 |   5 |  734.4 |
               +--------+--------+--------+--------+--------+-----+--------+

Top non-repeatable levels by time:
     D:4: 1257 daAuts
     D:3: 899 daAuts
     D:1: 783 daAuts
     D:2: 710 daAuts
     D:5: 21 daAuts
